 Dungeon Crawl Stone Soup version 0.28.0-1-gb440e238dd (webtiles) character file.

Game seed: 17217442858707679720

688 Snarg the Covered (level 7, -2/84 HPs)
             Began as a Demigod Wanderer on Feb 20, 2022.
             Slain by a centaur (4 damage)
             ... on level 5 of the Dungeon.
             The game lasted 00:16:17 (5865 turns).

Snarg the Covered (Demigod Wanderer)                Turns: 5865, Time: 00:16:17

Health: -2/84      AC:  5    Str: 17    XL:     7   Next: 13%
Magic:  6/14       EV: 11    Int: 20    God:
Gold:   266        SH:  0    Dex: 11    Spells: 10/11 levels left

rFire   . . .      SeeInvis .   a - +1 dagger (vorpal)
rCold   + . .      Faith    .   (no shield)
rNeg    . . .      Spirit   .   p - +0 leather armour
rPois   +          Reflect  .   n - +0 helmet
rElec   .          Harm     .   (no cloak)
rCorr   .          Rampage  .   e - +0 pair of gloves
Will    .....      Rnd*Tele +   (no boots)
Stlth   ..........              (no amulet)
HPRegen 0.24/turn               i - ring of poison resistance
MPRegen 0.14/turn               (no ring)

@: berserking, very quick
A: high MP 1, forlorn, divine attributes, cold resistance 1, teleportitis 1, no
potion heal 1
a: no special abilities


You were on level 5 of the Dungeon.
You visited 1 branch of the dungeon, and saw 5 of its levels.

You collected 266 gold pieces.

Inventory:

Hand Weapons
 a - a +1 vorpal dagger (weapon)
 g - a +1 hand axe of flaming
 z - a +0 short sword
Missiles
 b - 2 curare-tipped darts
 d - 158 stones
 r - 2 throwing nets
 w - 4 atropa-tipped darts
 x - 11 poisoned darts (quivered)
Armour
 c - a +0 robe
 e - a +0 pair of gloves (worn)
 n - a +0 helmet (worn)
 p - a +0 leather armour (worn)
 v - a +0 kite shield
Jewellery
 i - a ring of poison resistance (left hand)
 s - a ring of flight
Wands
 k - a wand of polymorph (9)
 l - a wand of flame (23)
 C - a wand of mindburst (14)
Scrolls
 f - a scroll of enchant weapon {unknown}
 m - a scroll of blinking {unknown}
 o - a scroll of noise
 q - a scroll of fog {unknown}
 t - a scroll of enchant armour {unknown}
 y - a scroll of amnesia {unknown}
 B - a scroll of teleportation {unknown}
Potions
 h - a potion of attraction {unknown}
 u - a potion of ambrosia {unknown}
 A - a potion of brilliance {unknown}


   Skills:
 + Level 2.6 Fighting
 + Level 1.3 Short Blades
 - Level 2.6 Throwing
 * Level 3.1 Armour
 - Level 2.0 Dodging
 - Level 3.0 Stealth
 * Level 2.7 Spellcasting
 * Level 2.6 Conjurations
 - Level 3.0 Fire Magic


You had 10 spell levels left.
You knew the following spells:

 Your Spells              Type           Power      Damage    Failure   Level
a - Foxfire               Conj/Fire      56%        2x1d6     5%          1

Your spell library contained the following spells:

 Spells                   Type           Power      Damage    Failure   Level
 Inner Flame              Hex/Fire       8%         N/A       28%         3
 Dazzling Flash           Conj/Hex       16%        N/A       30%         3
 Agony                    Necr           2%         N/A       99%         5
 Silence                  Hex/Air        1%         N/A       99%         5


Dungeon Overview and Level Annotations

Branches:
Dungeon (5/15)
 Temple: D:4-7

Annotations:
D:1 clr
D:2 clr
D:3 clr
D:4 clrX>


Innate Abilities, Weirdness & Mutations

You have an increased reservoir of magic. (+10% MP)
You shall have no god before yourself.
Your divine heritage dramatically boosts your attributes as you level up.
Your flesh is cold resistant. (rC+)
You are occasionally teleported next to monsters.
Potions are less effective at restoring your health.


Message History

You barely miss the hound.
The hound is almost dead.
The centaur hits you.
* * * LOW HITPOINT WARNING * * *
The centaur barely misses you. The hound bites you but does no damage.
The orc barely misses you.
Unknown command.
You miss the hound.
The hound is almost dead.
The centaur hits you but does no damage.
The centaur barely misses you. The hound barely misses you.
The centaur closely misses you. The centaur barely misses you.
The hound bites you.
* * * LOW HITPOINT WARNING * * *
The orc closely misses you.
It was a potion of berserk rage.
A red film seems to cover your vision as you go berserk!
You feel yourself moving faster!
You feel mighty! The centaur hits you.
* * * LOW HITPOINT WARNING * * *
The centaur closely misses you. The hound bites you.
* * * LOW HITPOINT WARNING * * *
The orc closely misses you.
You barely miss the hound.
The hound is almost dead.
The centaur hits you but does no damage.
The centaur closely misses you. The hound bites you but does no damage.
You puncture the hound!
You kill the hound!
The centaur hits you but does no damage.
The centaur kicks you.
* * * LOW HITPOINT WARNING * * *
The orc barely misses you. The centaur closely misses you.
The centaur kicks you but does no damage.
Unknown command.
Unknown command.
You are too berserk!
You puncture the orc!
You kill the orc!
You barely miss the centaur. The centaur hits you.
You die...

.c.........#
##.#o#.#
.........#
##.#.#.
#.......#
##.#.#
#.......#
##.##
#.......# ##
#.......#
#.......#
#).c....#
#.@.....#
#########


You could see a centaur.

Vanquished Creatures
  A sky beast (D:4)
  An ogre (D:5)
  A black bear (D:5)
  A scorpion (D:4)
  3 hounds
  A jelly (D:4)
  Robin (D:2)
  10 adders
  A white imp (D:5)
  An ufetubus (D:4)
  4 dart slugs
  3 worms
  8 orcs
  9 ball pythons
  5 endoplasms
  3 giant cockroaches
  20 goblins
  6 hobgoblins
  7 kobolds
  3 quokkas
  5 bats
  4 frilled lizards
  9 rats
107 creatures vanquished.

Vanquished Creatures (others)
  276 foxfires
276 creatures vanquished.

Grand Total: 383 creatures vanquished

Notes
Turn   | Place    | Note
-------+----------+-------------------------------------------
     0 | D:1      | Snarg the Demigod Wanderer began the quest for the Orb.
     0 | D:1      | Snarg set off with the following items: a +1 vorpal dagger,
                  | 2 curare-tipped darts, a +0 robe; and the following spell
                  | memorised: Foxfire; and the following spells available to
                  | memorise: Inner Flame
     0 | D:1      | Reached XP level 1. HP: 17/17 MP: 4/4
   380 | D:1      | Reached XP level 2. HP: 18/24 MP: 0/5
   511 | D:1      | Reached skill level 1 in Conjurations
  1252 | D:2      | Reached XP level 3. HP: 29/29 MP: 1/7
  1978 | D:2      | Reached XP level 4. HP: 34/37 MP: 8/8
  2230 | D:2      | Noticed Robin
  2290 | D:2      | Killed Robin
  3917 | D:4      | Reached skill level 1 in Short Blades
  3917 | D:4      | Reached skill level 1 in Armour
  3917 | D:4      | Reached XP level 5. HP: 30/42 MP: 4/10
  4196 | D:4      | Gained mutation: You are frail. (-10% HP) [potion of
                  | mutation]
  4196 | D:4      | HP: 1/37 [scorpion (4)]
  4206 | D:4      | Lost mutation: You are frail. (-10% HP) [potion of
                  | mutation]
  4206 | D:4      | Gained mutation: Your flesh is cold resistant. (rC+)
                  | [potion of mutation]
  4206 | D:4      | Gained mutation: You are occasionally teleported next to
                  | monsters. [potion of mutation]
  4206 | D:4      | Gained mutation: Potions are less effective at restoring
                  | your health. [potion of mutation]
  4990 | D:4      | Reached XP level 6. HP: 36/50 MP: 7/11
  5202 | D:5      | Entered Level 5 of the Dungeon
  5849 | D:5      | Reached XP level 7. HP: 31/56 MP: 8/14
  5861 | D:5      | HP: 4/84 [hound (2)]
  5865 | D:5      | Slain by a centaur

Illustrated notes

Levels and vault maps discovered:
D:1:      dpeg_arrival_ratfight, layout_loops_ring,
          nicolae_ecumenical_snake_handling, lemuel_old_faithful
D:2:      layout_basic, basic_altar, uniq_robin
D:3:      layout_basic, nicolae_overflow_quartered_altars, grunt_decor_cap
D:4:      layout_loops_cross, kennysheep_generic_room_7
D:5:      minmay_inner_zag, layout_basic, serial_shops, kennysheep_little_box

Skill      XL: |  1  2  3  4  5  6 |
---------------+-------------------+-----
Fighting       | 2 |  2.6
Conjurations   | 1 2 |  2.6
Stealth        | 2 3 |  3.0
Fire Magic     | 2 3 |  3.0
Short Blades   | 1 |  1.3
Armour         | 1 2 3 |  3.1
Spellcasting   | 2 |  2.7
Dodging        | 2 |  2.0
Throwing       | |  2.6

Action                   |  1- 3 |  4- 6 |  7- 9 || total
-------------------------+-------+-------+-------++-------
Melee: Dagger            |    63 |    66 |     8 ||   137
       Punch             |     1 |     1 |       ||     2
       Unarmed           |       |     1 |       ||     1
Throw: Dart              |       |     4 |       ||     4
 Cast: Foxfire           |    57 |   111 |     4 ||   172
Evoke: Wand              |       |     1 |       ||     1
  Use: Potion            |     1 |     3 |     1 ||     5
       Scroll            |       |       |     1 ||     1
 Stab: Sleeping          |     4 |     3 |       ||     7
Armor: Robe              |    19 |     1 |       ||    20
       Leather armour    |       |    38 |    12 ||    50
Dodge: Dodged            |    54 |    56 |    22 ||   132
